 Dungeon Crawl Stone Soup version 0.21-a0-630-g344d351 (webtiles) character file.

128 slep the Slasher (level 5, -1/41 HPs)
             Began as a Barachi Gladiator on Dec 26, 2017.
             Killed by divine providence
             ... invoked by an orc priest
              (11 damage)
             ... on level 4 of the Dungeon.
             The game lasted 00:07:27 (2296 turns).

slep the Slasher (Barachi Gladiator)                Turns: 2296, Time: 00:07:27

Health: -1/41      AC:  6    Str: 15    XL:     5   Next: 12%
Magic:  5/5        EV: 14    Int:  8    God:
Gold:   114        SH:  0    Dex: 15    Spells: 4/4 levels left

rFire    . . .     SeeInvis .   a - +0 long sword
rCold    + . .     Gourm    .   (no shield)
rNeg     . . .     Faith    .   u - +2 leather armour {rC+}
rPois    .         Spirit   .   c - +0 helmet
rElec    .         Reflect  .   (no cloak)
rCorr    .         Harm     .   (no gloves)
MR       .....                  (no boots)
Stlth    +++.......             (no amulet)
HPRegen  0.13/turn              n - ring of stealth
MPRegen  0.09/turn              (no ring)

@: lethally poisoned (-1 -> -15), slow
A: +LOS, swims, slowness 1, strong legs 1
a: Hop


You were on level 4 of the Dungeon.
You were not hungry.

You visited 1 branch of the dungeon, and saw 4 of its levels.

You collected 114 gold pieces.

Inventory:

Hand Weapons
 a - a +0 long sword (weapon)
Missiles
 d - 3 throwing nets (quivered)
 t - 19 poisoned needles
 v - 21 sling bullets
Armour
 b - a +0 leather armour
 c - a +0 helmet (worn)
 u - a +2 leather armour of cold resistance (worn)
 w - a +0 troll leather armour
Jewellery
 n - a ring of stealth (left hand)
Scrolls
 e - 6 scrolls of identify {unknown}
 g - 2 scrolls of enchant weapon {unknown}
 h - 3 scrolls of teleportation {unknown}
 j - 4 scrolls of remove curse {unknown}
 k - 4 scrolls of fog {unknown}
 m - a scroll of fear {unknown}
Potions
 i - a potion of invisibility {unknown}
 l - a potion of agility {unknown}
 o - a potion of berserk rage {unknown}
 p - 3 potions of curing {unknown}
 q - a potion of haste {unknown}
 r - a potion of mutation {unknown}
 s - a potion of might {unknown}
Comestibles
 f - 9 rations


   Skills:
 + Level 3.0 Fighting
 + Level 5.2 Long Blades
 + Level 2.0 Throwing
 + Level 1.9 Armour
 + Level 3.9 Dodging
 + Level 1.4 Stealth


You had 4 spell levels left.
You didn't know any spells.

Dungeon Overview and Level Annotations

Branches:
Dungeon (4/15)
 Temple: D:4-7

Altars:


Innate Abilities, Weirdness & Mutations

Shadows flee at your approach. (+LOS)
You can swim through water.
You cover ground slowly.
You can hop short distances.


Message History

The hound skeleton barely misses you. The orc hits you but does no damage.
The scorpion stings you.
A giant cockroach comes into view.
You feel sick. The orc hits you but does no damage.
The orc priest calls down the wrath of Beogh upon you.
You barely resist. The scorpion stings you.
You are more poisoned.
The scorpion poisons you! The hound skeleton barely misses you.
You feel sick.
The scorpion stings you but does no damage.
You feel sick. The orc barely misses you.
The orc priest calls down the wrath of Beogh upon you.
Beogh smites you!
* * * LOW HITPOINT WARNING * * *
The hound skeleton completely misses you.
* * * LOW HITPOINT WARNING * * *
You feel sick.
The orc priest invokes the aid of Beogh against you.
Beogh smites you!
You die...

#######..#..# .#
#.........# ##.## .# ..
##...#..#...# #..#
.#.#.#......# #..#
.#.....#..<.# #..#
##...#..#..#.## #..###
.............# #....#
#......!.#..## #.##.##
#.......##.## ...#.##..#
##@.$.......
.........####.o.........
...........#..Zs......#
.........#......###....
.........##...#.# ...
(.....#####ol.#.# ..
...... #...#.# ......
.o...... ..a.l ....#....


You could see a scorpion, 2 orc priests, an orc, a leopard gecko and a hound
skeleton.

Vanquished Creatures
  An orc priest (D:3)
  2 hound skeletons (D:4)
  An adder (D:2)
  2 dart slugs
  5 leopard geckos
  5 orcs (D:3)
  3 goblins
  2 hobgoblins (D:3)
  6 jackals
  10 kobolds
  A quokka (D:3)
  2 ball pythons
  6 bats
  2 frilled lizards (D:2)
  5 rats
  2 plants (D:1)
55 creatures vanquished.

Vanquished Creatures (others)
  A plant (D:1)
1 creature vanquished.

Grand Total: 56 creatures vanquished

Notes
Turn   | Place    | Note
-------+----------+-------------------------------------------
     0 | D:1      | slep the Barachi Gladiator began the quest for the Orb.
     0 | D:1      | Reached XP level 1. HP: 17/17 MP: 1/1
    41 | D:1      | Reached skill level 4 in Long Blades
    41 | D:1      | Reached XP level 2. HP: 19/23 MP: 2/2
   613 | D:1      | Reached XP level 3. HP: 27/28 MP: 3/3
  1089 | D:2      | Found a faded altar of an unknown god.
  1788 | D:3      | Reached skill level 1 in Armour
  1832 | D:3      | Reached XP level 4. HP: 34/34 MP: 4/4
  1856 | D:3      | Reached skill level 1 in Stealth
  2232 | D:4      | Reached skill level 5 in Long Blades
  2259 | D:4      | Reached XP level 5. HP: 41/41 MP: 5/5
  2296 | D:4      | Killed from afar by an orc priest

Vault maps used:
D:1:      matt_arrival_spirals, lexackson_kobold_supper
D:2:      chequers_ecumenical_altar_island
D:4:      first_ration, portal_sewer_entry_e, minivault_25

Skill      XL: |  1  2  3  4 |
---------------+-------------+-----
Long Blades    | 4 5 |  5.2
Armour         | 1 |  1.9
Fighting       | 3 |  3.0
Stealth        | 1 |  1.4
Throwing       | |  2.0
Dodging        | |  3.9

Action                   |  1- 3 |  4- 6 || total
-------------------------+-------+-------++-------
Melee: Long sword        |   168 |    39 ||   207
 Stab: Sleeping          |     4 |     2 ||     6
  Eat: Chunk             |     4 |     2 ||     6
Armor: Leather armour    |    30 |    11 ||    41
Dodge: Dodged            |   101 |    33 ||   134
       Rpst.: Long sword |    35 |     7 ||    42

Table legend:
 A = Spawn XP
 B = Non-spawn XP
 C = Spawn XP percentage of total XP
 D = Spawn monster count
 E = Non-spawn monster count
 F = Spawn count percentage of total count
 G = Total turns spent on level
                    A         B        C        D         E        F      G
               +---------+---------+-------+---------+---------+-------+---------
         Total |       0 |     184 |   0.0 |       0 |      53 |   0.0 |  2296
               +---------+---------+-------+---------+---------+-------+---------
           D:1 |       0 |      43 |   0.0 |       0 |      24 |   0.0 |  1089
           D:2 |       0 |      26 |   0.0 |       0 |      11 |   0.0 |   437
           D:3 |       0 |      74 |   0.0 |       0 |      15 |   0.0 |   674
           D:4 |       0 |      41 |   0.0 |       0 |       3 |   0.0 |    96
               +---------+---------+-------+---------+---------+-------+---------
